| TOP OF THE 1ST |
|
New York Mets batting - Pitching for St. Louis Cardinals : RHP Geoff Mooney
|
|
Pitching: RHP Geoff Mooney
|
|
|
Batting: SHB Javy Rosa
|
0-0: Called Strike 0-1: Ball 1-1: Foul Ball, location: 2F 1-2: Ground out 6-3 (Groundball, 6, EV 89.4 MPH)
|
|
Batting: SHB Sean Cook
|
0-0: Called Strike 0-1: Ball 1-1: Ball 2-1: Ball 3-1: Ball
|
|
Batting: SHB Jonathan Jenkins
|
0-0: Called Strike 0-1: Called Strike 0-2: Ground out 5-3 (Groundball, 56, EV 85.6 MPH) Sean Cook to second
|
|
Batting: SHB Nelle van den Berg
|
0-0: Foul Ball, location: 2F 0-1: Ball 1-1: Foul Ball, location: 2F 1-2: Ball 2-2: Foul Ball, location: 2F 2-2: SINGLE (Line Drive, 78S, EV 100.6 MPH) Sean Cook to third Runner from 3rd tries for Home, SAFE, throw by LF to home
|
|
Batting: SHB Gus Berry
|
0-0: Ball Nelle van den Berg steals 2nd, throwing error, E2 Nelle van den Berg to third 1-0: Ball 2-0: Called Strike 2-1: Ball 3-1: Called Strike 3-2: Foul Ball, location: 2F 3-2: Foul Ball, location: 2F 3-2: Strikes out swinging
|
| Top of the 1st over - 1 run, 1 hit, 1 error, 1 left on base; New York 1 - St. Louis 0 |
| BOTTOM OF THE 1ST |
|
St. Louis Cardinals batting - Pitching for New York Mets : LHP Lewis Thorpe Jr.
|
|
Pitching: LHP Lewis Thorpe Jr.
|
|
|
Batting: RHB Rick O'Reilly
|
0-0: Ball 1-0: Ball 2-0: Swinging Strike 2-1: Foul Ball, location: 2F 2-2: Strikes out swinging
|
|
Batting: RHB Tenshou Takita
|
0-0: Ground out 6-3 (Groundball, 6, EV 96.2 MPH)
|
|
Batting: SHB Antoine Roux
|
0-0: Ball 1-0: Swinging Strike 1-1: Called Strike 1-2: Strikes out swinging
|
| Bottom of the 1st over - 0 runs, 0 hits, 0 errors, 0 left on base; New York 1 - St. Louis 0 |
| TOP OF THE 2ND |
|
New York Mets batting - Pitching for St. Louis Cardinals : RHP Geoff Mooney
|
|
Batting: RHB Jeff Jank
|
0-0: Ball 1-0: Ball 2-0: Called Strike 2-1: Called Strike 2-2: Strikes out swinging
|
|
Batting: LHB Timo Gomez
|
0-0: DOUBLE (Flyball, 8RXD, EV 104.4 MPH)
|
|
Batting: SHB Tomas Caldera
|
0-0: Ball 1-0: Ground out 4-3 (Groundball, 4, EV 77.5 MPH) Timo Gomez to third
|
|
Batting: SHB Scott Bartholomew
|
0-0: Ball 1-0: Called Strike 1-1: Ball 2-1: Ball 3-1: SINGLE (Line Drive, 6D, EV 106.2 MPH) Timo Gomez scores
|
|
Batting: SHB Javy Rosa
|
0-0: Foul Ball, location: 2F 0-1: Ball Scott Bartholomew steals 2nd base 1-1: Ball 2-1: Foul Ball, location: 2F 2-2: Foul Ball, location: 2F 2-2: Ground out 5-3 (Groundball, 56S, EV 72.5 MPH)
|
| Top of the 2nd over - 1 run, 2 hits, 0 errors, 1 left on base; New York 2 - St. Louis 0 |
| BOTTOM OF THE 2ND |
|
St. Louis Cardinals batting - Pitching for New York Mets : LHP Lewis Thorpe Jr.
|
|
Batting: RHB Pavpv Ivanushkin
|
0-0: Called Strike 0-1: Ground out 1-3 (Groundball, 15S, EV 66.9 MPH)
|
|
Batting: RHB Cole Bittner
|
0-0: Swinging Strike 0-1: Called Strike 0-2: Strikes out looking
|
|
Batting: RHB Branden Cavalcante
|
0-0: Ground out 6-3 (Groundball, 6MD, EV 103.8 MPH)
|
| Bottom of the 2nd over - 0 runs, 0 hits, 0 errors, 0 left on base; New York 2 - St. Louis 0 |
| TOP OF THE 3RD |
|
New York Mets batting - Pitching for St. Louis Cardinals : RHP Geoff Mooney
|
|
Batting: SHB Sean Cook
|
0-0: Called Strike 0-1: Swinging Strike 0-2: Ball 1-2: Strikes out looking
|
|
Batting: SHB Jonathan Jenkins
|
0-0: Fly out, F7 (Flyball, 7LM, EV 93.1 MPH)
|
|
Batting: SHB Nelle van den Berg
|
0-0: Called Strike 0-1: Called Strike 0-2: Ground out 4-3 (Groundball, 4, EV 99.4 MPH)
|
| Top of the 3rd over - 0 runs, 0 hits, 0 errors, 0 left on base; New York 2 - St. Louis 0 |
| BOTTOM OF THE 3RD |
|
St. Louis Cardinals batting - Pitching for New York Mets : LHP Lewis Thorpe Jr.
|
|
Batting: LHB Tommy Luce
|
0-0: Called Strike 0-1: Foul Ball, location: 2F 0-2: Foul Ball, location: 2F 0-2: Ball 1-2: SINGLE (Line Drive, 6D, EV 106.9 MPH)
|
|
Batting: LHB John Blair
|
0-0: Called Strike 0-1: Ball 1-1: Ball 2-1: 2-RUN HOME RUN (Flyball, 89XD, EV 108.8 MPH), Distance : 424 ft
|
|
Batting: LHB Ben Rubenacker
|
0-0: Called Strike 0-1: Ball 1-1: Ball 2-1: Called Strike 2-2: Foul Ball, location: 2F 2-2: Strikes out looking
|
|
Batting: RHB Rick O'Reilly
|
0-0: Called Strike 0-1: Called Strike 0-2: Strikes out swinging
|
|
Batting: RHB Tenshou Takita
|
0-0: Ball 1-0: Ground out 6-3 (Groundball, 6, EV 102.5 MPH)
|
| Bottom of the 3rd over - 2 runs, 2 hits, 0 errors, 0 left on base; New York 2 - St. Louis 2 |
| TOP OF THE 4TH |
|
New York Mets batting - Pitching for St. Louis Cardinals : RHP Geoff Mooney
|
|
Batting: SHB Gus Berry
|
0-0: Ball 1-0: Swinging Strike 1-1: Called Strike 1-2: Strikes out swinging
|
|
Batting: RHB Jeff Jank
|
0-0: Ball 1-0: Ground out 5-3 (Groundball, 56S, EV 66.2 MPH)
|
|
Batting: LHB Timo Gomez
|
0-0: Called Strike 0-1: Fly out, F8 (Flyball, 8RXD, EV 89.4 MPH)
|
| Top of the 4th over - 0 runs, 0 hits, 0 errors, 0 left on base; New York 2 - St. Louis 2 |
| BOTTOM OF THE 4TH |
|
St. Louis Cardinals batting - Pitching for New York Mets : LHP Lewis Thorpe Jr.
|
|
Batting: SHB Antoine Roux
|
0-0: Called Strike 0-1: Ball 1-1: Called Strike 1-2: Foul Ball, location: 2F 1-2: Strikes out swinging
|
|
Batting: RHB Pavpv Ivanushkin
|
0-0: Called Strike 0-1: DOUBLE (Groundball, 5L, EV 105.0 MPH)
|
|
Batting: RHB Cole Bittner
|
0-0: Fly out, F4 (Flyball, 34D, EV 87.5 MPH)
|
|
Batting: RHB Branden Cavalcante
|
0-0: Called Strike 0-1: Foul Ball, location: 2F 0-2: DOUBLE (Line Drive, 9LS, EV 103.1 MPH) Pavpv Ivanushkin scores
|
|
Batting: LHB Tommy Luce
|
0-0: Ball 1-0: Called Strike 1-1: Ground out 4-3 (Groundball, 4, EV 83.8 MPH)
|
| Bottom of the 4th over - 1 run, 2 hits, 0 errors, 1 left on base; New York 2 - St. Louis 3 |
| TOP OF THE 5TH |
|
New York Mets batting - Pitching for St. Louis Cardinals : RHP Geoff Mooney
|
|
Batting: SHB Tomas Caldera
|
0-0: Ground out 5-3 (Groundball, 5S, EV 88.8 MPH)
|
|
Batting: SHB Scott Bartholomew
|
0-0: Ball 1-0: Called Strike 1-1: Foul Ball, location: 2F 1-2: Ball 2-2: Foul Ball, location: 2F 2-2: Ball 3-2: Foul Ball, location: 2F 3-2: Foul Ball, location: 2F 3-2: Foul Ball, location: 2F 3-2: Fly out, F9 (Line Drive, 9D, EV 88.8 MPH)
|
|
Batting: SHB Javy Rosa
|
0-0: Swinging Strike 0-1: Ball 1-1: Ground out 6-3 (Groundball, 6M, EV 85.0 MPH)
|
| Top of the 5th over - 0 runs, 0 hits, 0 errors, 0 left on base; New York 2 - St. Louis 3 |
| BOTTOM OF THE 5TH |
|
St. Louis Cardinals batting - Pitching for New York Mets : LHP Lewis Thorpe Jr.
|
|
Batting: LHB John Blair
|
0-0: Called Strike 0-1: Bunt for hit to P - play at first, batter safe!
|
|
Batting: LHB Ben Rubenacker
|
0-0: Ball 1-0: Swinging Strike 1-1: Swinging Strike 1-2: Foul Ball, location: 2F 1-2: SINGLE (Line Drive, 9S, EV 98.1 MPH) John Blair to second Runner from 2nd tries for 3rd, SAFE, throw by RF made to third
|
|
Batting: RHB Rick O'Reilly
|
0-0: Called Strike 0-1: Foul Ball, location: 2F 0-2: Strikes out swinging
|
|
Batting: RHB Tenshou Takita
|
0-0: Called Strike 0-1: SINGLE (Groundball, 6MD, EV 104.4 MPH) John Blair scores Ben Rubenacker to second Runner from 2nd tries for 3rd, SAFE, throw by CF made at trailing runner, OUT! 8-4
|
|
Batting: SHB Antoine Roux
|
0-0: Ball 1-0: Foul Ball, location: 2F 1-1: Foul Ball, location: 2F 1-2: DOUBLE (Line Drive, 5D, EV 107.5 MPH) Ben Rubenacker scores
|
|
Pitching: RHP David Matheney
|
|
|
Batting: RHB Pavpv Ivanushkin
|
0-0: Ball 1-0: Ball 2-0: Called Strike 2-1: Swinging Strike 2-2: Ball 3-2: Foul Ball, location: 2F 3-2: Foul Ball, location: 2F 3-2: Base on Balls
|
|
Batting: RHB Cole Bittner
|
0-0: Called Strike 0-1: Ball 1-1: Swinging Strike 1-2: Strikes out swinging
|
| Bottom of the 5th over - 2 runs, 4 hits, 0 errors, 2 left on base; New York 2 - St. Louis 5 |
| TOP OF THE 6TH |
|
New York Mets batting - Pitching for St. Louis Cardinals : RHP Geoff Mooney
|
|
Batting: SHB Sean Cook
|
0-0: Ball 1-0: Ball 2-0: Ball 3-0: Called Strike 3-1: Base on Balls
|
|
Batting: SHB Jonathan Jenkins
|
0-0: Called Strike Sean Cook is caught stealing 2nd base 2-6 0-1: Ball 1-1: Ball 2-1: Fly out, F8 (Line Drive, 8RM, EV 95.0 MPH)
|
|
Batting: SHB Nelle van den Berg
|
0-0: Ball 1-0: Ball 2-0: Called Strike 2-1: Foul Ball, location: 2F 2-2: SINGLE (Groundball, 4MS, EV 70.0 MPH) (infield hit)
|
|
Pitching: RHP Josh Sandoval
|
|
|
Batting: SHB Gus Berry
|
0-0: Called Strike 0-1: Ball 1-1: Ball Nelle van den Berg steals 2nd, throwing error, E2 Nelle van den Berg to third 2-1: Fly out, F9 (Flyball, 89M, EV 87.5 MPH)
|
| Top of the 6th over - 0 runs, 1 hit, 1 error, 1 left on base; New York 2 - St. Louis 5 |
| BOTTOM OF THE 6TH |
|
St. Louis Cardinals batting - Pitching for New York Mets : RHP David Matheney
|
|
Batting: RHB Branden Cavalcante
|
0-0: Ball 1-0: Swinging Strike 1-1: Ball 2-1: Fly out, F8 (Flyball, 8RS, EV 75.0 MPH)
|
|
Batting: LHB Tommy Luce
|
0-0: Called Strike 0-1: Ball 1-1: Ball 2-1: Ball 3-1: Fly out, F8 (Flyball, 8RXD, EV 105.6 MPH)
|
|
Batting: LHB John Blair
|
0-0: Ball 1-0: Called Strike 1-1: Ground out 4-3 (Groundball, 4, EV 80.6 MPH)
|
| Bottom of the 6th over - 0 runs, 0 hits, 0 errors, 0 left on base; New York 2 - St. Louis 5 |
| TOP OF THE 7TH |
|
New York Mets batting - Pitching for St. Louis Cardinals : RHP Josh Sandoval
|
|
Batting: RHB Jeff Jank
|
0-0: Called Strike 0-1: Ball 1-1: Ball 2-1: Called Strike 2-2: Foul Ball, location: 2F 2-2: Ball 3-2: Fly out, F8 (Flyball, 8RM, EV 90.6 MPH)
|
|
Batting: LHB Timo Gomez
|
0-0: Ball 1-0: Foul Ball, location: 2F 1-1: Ball 2-1: Ball 3-1: Foul Ball, location: 2F 3-2: Fly out, F9 (Line Drive, 9, EV 90.0 MPH)
|
|
Batting: SHB Tomas Caldera
|
0-0: Called Strike 0-1: Ball 1-1: Ball 2-1: SINGLE (Groundball, 6MS, EV 80.6 MPH) (infield hit)
|
|
Batting: SHB Scott Bartholomew
|
0-0: Called Strike 0-1: Ball 1-1: Called Strike Tomas Caldera steals 2nd base 1-2: Strikes out swinging
|
| Top of the 7th over - 0 runs, 1 hit, 0 errors, 1 left on base; New York 2 - St. Louis 5 |
| BOTTOM OF THE 7TH |
|
St. Louis Cardinals batting - Pitching for New York Mets : RHP David Matheney
|
|
Pitching: LHP Chris Thurner
|
|
|
Batting: LHB Ben Rubenacker
|
0-0: Ball 1-0: Called Strike 1-1: Ball 2-1: Foul Ball, location: 2F 2-2: Ground out 6-3 (Groundball, 6MD, EV 76.9 MPH)
|
|
Batting: RHB Rick O'Reilly
|
0-0: Ball 1-0: Called Strike 1-1: Swinging Strike 1-2: Ball 2-2: Strikes out looking
|
|
Batting: RHB Tenshou Takita
|
0-0: Ball 1-0: Swinging Strike 1-1: Swinging Strike 1-2: Strikes out swinging
|
| Bottom of the 7th over - 0 runs, 0 hits, 0 errors, 0 left on base; New York 2 - St. Louis 5 |
| TOP OF THE 8TH |
|
New York Mets batting - Pitching for St. Louis Cardinals : RHP Josh Sandoval
|
|
Batting: SHB Javy Rosa
|
0-0: Ball 1-0: Foul Ball, location: 2F 1-1: Called Strike 1-2: Ball 2-2: Ball 3-2: Foul Ball, location: 2F 3-2: SINGLE (Groundball, 13S, EV 69.4 MPH) (infield hit)
|
|
Batting: SHB Sean Cook
|
0-0: Foul Ball, location: 2F 0-1: Ball 1-1: Ball 2-1: Foul Ball, location: 2F 2-2: Foul Ball, location: 2F 2-2: Fly out, F8 (Flyball, 8LXD, EV 104.4 MPH)
|
|
Batting: SHB Jonathan Jenkins
|
0-0: Ball 1-0: Ball 2-0: Called Strike 2-1: Foul Ball, location: 2F 2-2: SINGLE (Groundball, 34D, EV 100.6 MPH) (infield hit) Javy Rosa to second
|
|
Batting: SHB Nelle van den Berg
|
0-0: Called Strike 0-1: Swinging Strike 0-2: Ball 1-2: Foul Ball, location: 2F 1-2: Ball 2-2: Ball 3-2: Foul Ball, location: 2F 3-2: Foul Ball, location: 2F 3-2: Fly out, F8 (Flyball, 8LXD, EV 102.5 MPH) Runner from 2nd tags up, SAFE at 3rd, no throw by CF
|
|
Pitching: RHP Guadalupe Vasguez
|
|
|
Batting: SHB Gus Berry
|
0-0: Ball 1-0: Swinging Strike 1-1: Fly out, F3 (Popup, 23F, EV 79.4 MPH)
|
| Top of the 8th over - 0 runs, 2 hits, 0 errors, 2 left on base; New York 2 - St. Louis 5 |
| BOTTOM OF THE 8TH |
|
St. Louis Cardinals batting - Pitching for New York Mets : LHP Chris Thurner
|
|
Pitching: RHP Victor Morin
|
|
|
Batting: SHB Antoine Roux
|
0-0: Ball 1-0: Called Strike 1-1: DOUBLE (Line Drive, 9LS, EV 110.6 MPH)
|
|
Batting: RHB Pavpv Ivanushkin
|
0-0: Called Strike 0-1: Ball 1-1: Ball 2-1: Fly out, F9 (Flyball, 9LM, EV 93.8 MPH) Runner from 2nd tags up, SAFE at 3rd, no throw by RF
|
|
Batting: RHB Cole Bittner
|
0-0: Ball 1-0: Ball 2-0: Called Strike 2-1: Fly out, F8 (Flyball, 8LD, EV 96.2 MPH) Runner from 3rd tags up, OUT at HOME! 8-2
|
| Bottom of the 8th over - 0 runs, 1 hit, 0 errors, 0 left on base; New York 2 - St. Louis 5 |
| TOP OF THE 9TH |
|
New York Mets batting - Pitching for St. Louis Cardinals : RHP Guadalupe Vasguez
|
|
Batting: RHB Jeff Jank
|
0-0: Called Strike 0-1: Ball 1-1: Ball 2-1: Ball 3-1: Base on Balls
|
|
Batting: LHB Timo Gomez
|
0-0: Ball 1-0: Swinging Strike 1-1: Grounds into double play, 3-6-3 (Groundball, 34, EV 100.6 MPH)
|
|
Batting: SHB Tomas Caldera
|
0-0: Called Strike 0-1: Swinging Strike 0-2: Ball 1-2: Strikes out swinging
|
| Top of the 9th over - 0 runs, 0 hits, 0 errors, 0 left on base; New York 2 - St. Louis 5 |
|